 Dungeon Crawl Stone Soup version 0.28-a0-1080-g05a166d0ed (webtiles) character file.

Game seed: 5723365138422748107

83 yoda5477 the Covered (level 4, 0/35 HPs)
             Began as a Demonspawn Fighter on Dec 9, 2021.
             Slain by a wyvern zombie (2 damage)
             ... on level 3 of the Dungeon.
             The game lasted 00:08:00 (2452 turns).

yoda5477 the Covered (Demonspawn Fighter)           Turns: 2452, Time: 00:08:01

Health: 0/35       AC:  9    Str: 18    XL:     4   Next: 22%
Magic:  4/4        EV:  7    Int: 10    God:
Gold:   66         SH:  0    Dex: 12    Spells: 3/3 levels left

rFire   . . .      SeeInvis .     - Unarmed
rCold   . . .      Faith    .   (no shield)
rNeg    . . .      Spirit   .   j - +0 chain mail
rPois   .          Reflect  .   (no helmet)
rElec   .          Harm     .   (no cloak)
rCorr   .          Rampage  .   (gloves unavailable)
Will    +....                   (no boots)
Stlth   ..........              (no amulet)
HPRegen 0.11/turn               n - ring of willpower
MPRegen 0.09/turn               (no ring)

@: no status effects
A: claws 3
a: no special abilities


You were on level 3 of the Dungeon.
You visited 1 branch of the dungeon, and saw 4 of its levels.

You collected 66 gold pieces.

Inventory:

Hand Weapons
 a - a +0 war axe
 k - a +0 broad axe
Missiles
 e - 90 stones (quivered)
 h - 14 bolts
 q - 25 sling bullets
Armour
 b - a +0 scale mail
 c - a +0 buckler
 j - a +0 chain mail (worn)
 l - a +0 pair of gloves
Jewellery
 n - a ring of willpower (left claw)
Scrolls
 g - a scroll of enchant weapon {unknown}
 i - a scroll of identify {unknown}
 o - a scroll of enchant armour {unknown}
 r - a scroll of teleportation {unknown}
 s - a scroll of magic mapping {unknown}
Potions
 d - a potion of might
 f - a potion of heal wounds {unknown}
 m - a potion of berserk rage {unknown}
 p - 2 potions of brilliance {unknown}


   Skills:
 - Level 3.0 Fighting
 - Level 2.4 Axes
 - Level 3.4 Armour
 - Level 3.0 Shields
 * Level 1.8 Unarmed Combat


You had 3 spell levels left.
You didn't know any spells.
Your spell library was empty.

Dungeon Overview and Level Annotations

Branches:
Dungeon (4/15)
 Temple: D:4-7

Altars:
The Shining One


Innate Abilities, Weirdness & Mutations

You have claws for hands.


Message History

You feel sick. The adder barely misses you.
Your chain mail prevents you from hitting the adder.
The adder is heavily wounded.
You feel sick. The adder bites you but does no damage.
The adder barely misses you.
You claw the adder!
You kill the adder!
You feel sick.
You feel sick.
You are no longer poisoned.
A wyvern zombie comes into view.
The wyvern zombie bites you!
You are too injured to fight recklessly!
You are too injured to fight recklessly!
You are too injured to fight recklessly!
You scratch the wyvern zombie.
The wyvern zombie is lightly damaged.
The wyvern zombie barely misses you.
You barely miss the wyvern zombie.
The wyvern zombie is lightly damaged.
The wyvern zombie bites you but does no damage.
You claw the wyvern zombie!
The wyvern zombie is heavily damaged.
The wyvern zombie bites you but does no damage.
You scratch the wyvern zombie.
The wyvern zombie is heavily damaged.
The wyvern zombie bites you.
* * * LOW HITPOINT WARNING * * *
The wyvern zombie closely misses you.
You claw the wyvern zombie!
The wyvern zombie is severely damaged.
The wyvern zombie bites you but does no damage.
You scratch the wyvern zombie.
The wyvern zombie is almost destroyed.
The wyvern zombie bites you!
* * * LOW HITPOINT WARNING * * *
You scratch the wyvern zombie.
The wyvern zombie is almost destroyed.
The wyvern zombie bites you.
You die...

.. .# # ##.##
.# #. #...# ..
#.##...##.#
#.........#
#.........##..
#.>..Z.......
#..@######..
#....†......
##†########.
#.# .# #.# .#
#.# .# #.# .#
#.# .# #.#
#####.#


You could see a wyvern zombie.

Vanquished Creatures
  A gnoll (D:1)
  An adder (D:3)
  An adder skeleton (D:2)
  A worm (D:2)
  2 dart slugs (D:2)
  2 ball pythons
  4 endoplasms
  3 giant cockroaches
  2 goblins
  7 hobgoblins
  4 jackals (D:2)
  5 quokkas
  4 bats (D:2)
  5 frilled lizards
  5 kobolds
  A rat (D:2)
48 creatures vanquished.

Notes
Turn   | Place    | Note
-------+----------+-------------------------------------------
     0 | D:1      | yoda5477 the Demonspawn Fighter began the quest for the
                  | Orb.
     0 | D:1      | Reached XP level 1. HP: 18/18 MP: 1/1
    30 | D:1      | Found a faded altar of an unknown god.
   535 | D:1      | Gained mutation: You have sharp fingernails. [demonic
                  | ancestry]
   535 | D:1      | Reached XP level 2. HP: 20/24 MP: 2/2
  1499 | D:2      | Gained mutation: You have very sharp fingernails. [demonic
                  | ancestry]
  1499 | D:2      | Reached XP level 3. HP: 29/29 MP: 3/3
  1680 | D:2      | Reached skill level 1 in Unarmed Combat
  2166 | D:2      | Gained mutation: You have claws for hands. [demonic
                  | ancestry]
  2166 | D:2      | Reached XP level 4. HP: 32/35 MP: 4/4
  2452 | D:3      | Slain by a wyvern zombie

Illustrated notes

Levels and vault maps discovered:
D:1:      lightli_arrival_noodles, layout_loops_corners,
          dreamdust_ecumenical_altar_statues, hangedman_feature_mirror, hex_tiny
D:2:      layout_rooms, serial_rivers, chequers_serial_rivers_small_a,
          chequers_serial_rivers_micro_c, chequers_serial_rivers_marsh,
          chequers_serial_rivers_large_b, chequers_serial_rivers_room_a,
          chequers_serial_rivers_micro_a, kennysheep_minor_cross
D:3:      layout_loops_ring, mainiacjoe_overflow_small_starburst, serial_shops,
          shop_statue, kennysheep_generic_room_14
D:4:      layout_gridville, temple_statues, uniq_eustachio

Skill      XL: |  1  2  3 |
---------------+----------+-----
Axes           | 2 |  2.4
Shields        | 3 |  3.0
Armour         | 3 |  3.4
Unarmed Combat | 1 |  1.8
Fighting       | |  3.0

Action                   |  1- 3 |  4- 6 || total
-------------------------+-------+-------++-------
Melee: War axe           |   168 |    12 ||   180
       Unarmed           |       |    20 ||    20
Armor: Scale mail        |    18 |       ||    18
       Chain mail        |    99 |    19 ||   118
Dodge: Dodged            |    92 |     8 ||   100
Block: Buckler           |    42 |     3 ||    45

Table legend: (Time is in decaauts)
 A = Elapsed time spent in this place.
 B = Non-inter-level travel time spent in this place.
 C = Inter-level travel time spent in this place.
 D = Time resting spent in this place.
 E = Time spent auto-exploring this place.
 F = Levels seen in this place.
 G = Mean time per level.
                   A        B        C        D        E       F      G
               +--------+--------+--------+--------+--------+-----+--------+
         Total |   2586 |   2454 |    132 |    507 |   1423 |   4 |  646.5 |
       Dungeon |   2586 |   2454 |    132 |    507 |   1423 |   4 |  646.5 |
               +--------+--------+--------+--------+--------+-----+--------+

Top non-repeatable levels by time:
     D:1: 1439 daAuts
     D:2: 940 daAuts
     D:3: 204 daAuts
     D:4: 1 daAuts
